 Dungeon Sprint DCSS version 0.29-a0-369-gd956c00756 (webtiles) character file.

Game seed: 13625425384005815515

9730 mhtbhm the Severer (level 11, -13/123 HPs)
             Began as a Minotaur Berserker on May 1, 2022.
             Was the Champion of Trog.
             Succumbed to poison (dark miasma)
             ... in the Dungeon (Sprint III: "The Ten Rune Challenge").
             The game lasted 00:05:12 (2668 turns).

mhtbhm the Severer (Minotaur Berserker)             Turns: 2668, Time: 00:05:12

Health: -13/123    AC: 14    Str: 26    XL:     11   Next: 26%
Magic:  10/10      EV: 12    Int:  4    God:    Trog [******]
Gold:   28         SH:  0    Dex: 10    Spells: 10/10 levels left

rFire   . . .      SeeInvis .   a - +0 battleaxe (flame)
rCold   . . .      Faith    .   (shield currently unavailable)
rNeg    . . .      Spirit   .   b - +0 chain mail
rPois   .          Reflect  .   (helmet restricted)
rElec   .          Harm     .   j - +0 cloak
rCorr   .          Rampage  .   (no gloves)
Will    +....      NoTele   +   (no boots)
Stlth   ..........              (no amulet)
HPRegen 0.30/turn               (no ring)
MPRegen 0.12/turn               (no ring)

@: lethally poisoned (-13 -> -94), on berserk cooldown, slowed, very slow
A: horns 2, retaliatory headbutt, fangs 1, strong-willed 1, mutation resistance
1, inhibited regeneration, inability to read while threatened, MP-powered wands
a: Renounce Religion, Berserk, Trog's Hand, Brothers in Arms


You were in the Dungeon.
You worshipped Trog.
Trog was exalted by your worship.
You visited 1 branch You collected 28 gold pieces.

Inventory:

Hand Weapons
 a - a +0 battleaxe of flaming (weapon)
 o - a +7 battleaxe
 p - the +7 battleaxe of Agony {vorpal, rElec rF++ Str+2 Int-5}
   (Trog gifted it to you in the Dungeon)

   It inflicts extra damage upon your enemies.
   Str:       It affects your strength (+2).
   Int:       It affects your intelligence (-5).
   rF:        It greatly protects you from fire.
   rElec:     It insulates you from electricity.
Missiles
 r - 5 javelins (quivered)
Armour
 b - a +0 chain mail (worn)
 j - a +0 cloak (worn)
Wands
 k - a wand of flame (6)
Scrolls
 h - a scroll of blinking
 i - 3 scrolls of identify {unknown}
 l - 3 scrolls of holy word {unknown}
Potions
 c - 2 potions of curing
 d - 2 potions of heal wounds
 e - 2 potions of haste
 f - 2 potions of magic
 g - a potion of berserk rage
 m - 2 potions of flight {unknown}
 q - a potion of lignification {unknown}
Miscellaneous
 n - a lightning rod (4/4)


   Skills:
 + Level 19.2 Fighting
 + Level 19.2 Axes
 + Level 0.3 Throwing
 + Level 14.0 Armour
 + Level 9.9 Dodging
 + Level 5.2 Stealth
 + Level 4.5 Evocations


You had 10 spell levels left.
You didn't know any spells.
Your spell library was empty.

Dungeon Overview and Level Annotations

Branches:
Dungeon (1/1)

Altars:
Cheibriados
Dithmenos
Elyvilon
Fedhas
Gozag
Hepliaklqana
Kikubaaqudgha
Makhleb
Nemelex Xobeh
Okawaru
Qazlal
Ru
Sif Muna
Trog
Uskayaw
Vehumet
Wu Jian
Xom
Yredelemnul
Zin
The Shining One
Beogh
Jiyva
Lugonu


Innate Abilities, Weirdness & Mutations

You have a pair of horns on your head.
You reflexively headbutt those who attack you in melee.
You have very sharp teeth.
You are strong-willed. (Will+)
You are somewhat resistant to further mutation.
You do not regenerate when monsters are visible.
You sometimes lose the ability to read scrolls when taking damage.
You expend magic power (3 MP) to strengthen your wands.


Message History

You are engulfed in dark miasma.
You are more poisoned.
You feel very sick. The death drake breathes miasma at you.
The foul vapour engulfs you.
You are more poisoned.
You feel yourself slow down.
You miss the death drake. You headbutt the death drake!
The death drake is heavily wounded.
You are engulfed in dark miasma.
You are more poisoned.
You feel extremely sick.
The death drake bites you but does no damage.
You closely miss the death drake.
The death drake is heavily wounded.
You are engulfed in dark miasma.
You are lethally poisoned!
You feel extremely sick. The death drake closely misses you.
You miss the death drake. You headbutt the death drake!
The death drake is severely wounded.
You are engulfed in dark miasma.
You are more poisoned.
You feel as though you will be slow longer.
* * * LOW HITPOINT WARNING * * *
You feel extremely sick.
The death drake bites you but does no damage.
You slice the death drake!! You burn the death drake!
You kill the death drake!
Trog accepts your kill.
You are engulfed in dark miasma.
You are more poisoned.
* * * LOW HITPOINT WARNING * * *
x2 You feel extremely sick.
Your Armour skill increases to level 14!
* * * LOW HITPOINT WARNING * * *
You feel extremely sick.
You feel a strong urge to attack something.
You are no longer berserk.
You are exhausted.
You feel as though you will be slow longer.
You die...

♣♣♣♣♣#..♣♣ ♣♣♣##+####
###†♣♣♣♣♣♣♣♣♣♣♣♣♣♣♣
♣♣♣♣.##..##≈≈≈≈≈≈..#
♣...##.##.#≈≈≈≈≈...#
♣♣.##.##.##'≈≈≈≈≈####
♣..#÷##.[.#†≈...°○☼○
♣♣.##.##..#≈..+####
♣♣.##.#####...#
♣.....##...@..#
########+######


There were no monsters in sight!

Vanquished Creatures
  2 hydras (D)
  A centaur warrior (D)
  Erica (D)
  Urug (D)
  A death drake (D)
  A lindwurm (D)
  A deep elf pyromancer (D)
  2 cane toads (D)
  A rime drake (D)
  An unseen horror (D)
  A komodo dragon (D)
  A queen bee (D)
  2 tyrant leeches (D)
  3 wandering mushrooms (D)
  A shadow (D)
  3 redbacks (D)
  A spatial vortex (D)
  A swamp drake (D)
  2 centaurs (D)
  An earth elemental (D)
  A water elemental (D)
  A necrophage (D)
  32 killer bees (D)
  An electric eel (D)
  A jelly (D)
  Crazy Yiuf (D)
  A wizard (D)
  A necromancer (D)
  3 humans (D)
  A kobold demonologist (D)
  2 endoplasms (D)
  2 rats (D)
75 creatures vanquished.

Notes
Turn   | Place    | Note
-------+----------+-------------------------------------------
     0 | D        | mhtbhm the Minotaur Berserker began the quest for the Orb.
     0 | D        | Reached XP level 1. HP: 19/19 MP: 0/0
    73 | D        | Reached ** piety under Trog
   123 | D        | Noticed Crazy Yiuf
   131 | D        | Killed Crazy Yiuf
   132 | D        | Reached skill level 5 in Fighting
   132 | D        | Reached skill level 5 in Axes
   132 | D        | Reached XP level 2. HP: 27/30 MP: 1/1
   132 | D        | Reached XP level 3. HP: 34/37 MP: 2/2
   164 | D        | Gained mutation: You are partially covered in iridescent
                  | scales. (AC +2) [potion of mutation]
   164 | D        | Gained mutation: Your flesh is heat resistant. (rF+)
                  | [potion of mutation]
   164 | D        | Gained mutation: You sometimes lose the ability to read
                  | scrolls when taking damage. [potion of mutation]
   164 | D        | Gained mutation: You have hidden genetic potential. [potion
                  | of mutation]
   167 | D        | Lost mutation: You have hidden genetic potential. [potion
                  | of mutation]
   167 | D        | Lost mutation: Your flesh is heat resistant. (rF+) [potion
                  | of mutation]
   167 | D        | Gained mutation: You have sharp toenails. [potion of
                  | mutation]
   167 | D        | Gained mutation: You possess an exceptional clarity of
                  | mind. [potion of mutation]
   167 | D        | Gained mutation: You have hidden genetic potential. [potion
                  | of mutation]
   318 | D        | Noticed a water elemental
   322 | D        | Killed a water elemental
   323 | D        | Reached skill level 1 in Stealth
   323 | D        | Reached XP level 4. HP: 47/47 MP: 3/3
   337 | D        | Gained mutation: You are strong-willed. (Will+) [hidden
                  | potential]
   374 | D        | Found a radiant altar of Vehumet.
   374 | D        | Found a shimmering blue altar of Sif Muna.
   374 | D        | Found an ancient bone altar of Kikubaaqudgha.
   374 | D        | Noticed a wizard
   381 | D        | Reached *** piety under Trog
   390 | D        | Killed a wizard
   391 | D        | Reached XP level 5. HP: 40/55 MP: 4/4
   459 | D        | Found a glowing silver altar of Zin.
   459 | D        | Found a glowing golden altar of the Shining One.
   459 | D        | Found a white marble altar of Elyvilon.
   460 | D        | Noticed a deep elf pyromancer
   466 | D        | Killed a deep elf pyromancer
   466 | D        | Reached **** piety under Trog
   467 | D        | Reached XP level 6. HP: 54/68 MP: 5/5
   467 | D        | Reached XP level 7. HP: 59/74 MP: 6/6
   480 | D        | Gained mutation: You have a pair of large horns on your
                  | head. [hidden potential]
   480 | D        | Lost mutation: You have hidden genetic potential. [hidden
                  | potential expressed]
   513 | D        | Lost mutation: You have sharp toenails. [potion of
                  | mutation]
   513 | D        | Lost mutation: You have a pair of large horns on your head.
                  | [potion of mutation]
   513 | D        | Lost mutation: You are partially covered in iridescent
                  | scales. (AC +2) [potion of mutation]
   513 | D        | Gained mutation: You expend magic power (3 MP) to
                  | strengthen your wands. [potion of mutation]
   513 | D        | Gained mutation: You are partially covered in iridescent
                  | scales. (AC +2) [potion of mutation]
   514 | D        | Lost mutation: You are partially covered in iridescent
                  | scales. (AC +2) [potion of mutation]
   514 | D        | Lost mutation: You possess an exceptional clarity of mind.
                  | [potion of mutation]
   514 | D        | Gained mutation: You have very sharp teeth. [potion of
                  | mutation]
   514 | D        | Gained mutation: You do not regenerate when monsters are
                  | visible. [potion of mutation]
   514 | D        | Gained mutation: You are somewhat resistant to further
                  | mutation. [potion of mutation]
   613 | D        | Found a hide-covered altar of Uskayaw.
   613 | D        | Found an iron altar of Okawaru.
   613 | D        | Found a bloodstained altar of Trog.
   613 | D        | Found an ornate altar of the Wu Jian Council.
   613 | D        | Noticed a human
   614 | D        | Noticed a human
   620 | D        | Killed a human
   624 | D        | Killed a human
   682 | D        | Found a basalt altar of Yredelemnul.
   682 | D        | Found a shadowy altar of Dithmenos.
   682 | D        | Found a sacrificial altar of Ru.
   691 | D        | Reached ***** piety under Trog
   734 | D        | Noticed a shadow
   738 | D        | Killed a shadow
   739 | D        | Reached XP level 8. HP: 61/85 MP: 7/7
   842 | D        | Found a blossoming altar of Fedhas.
   842 | D        | Found a stormy altar of Qazlal.
   842 | D        | Found a snail-covered altar of Cheibriados.
   842 | D        | Found a burning altar of Makhleb.
   842 | D        | Found a shimmering altar of Xom.
   843 | D        | Found a hazy altar of Hepliaklqana.
   843 | D        | Found an opulent altar of Gozag.
   843 | D        | Found a sparkling altar of Nemelex Xobeh.
   843 | D        | Found a corrupted altar of Lugonu.
   843 | D        | Found a viscous altar of Jiyva.
  1015 | D        | Noticed Erica
  1021 | D        | Killed Erica
  1087 | D        | Received a gift from Trog
  1088 | D        | Reached skill level 15 in Axes
  1131 | D        | Noticed a centaur warrior
  1142 | D        | Reached XP level 9. HP: 73/96 MP: 8/8
  1150 | D        | Killed a centaur warrior
  1151 | D        | Reached skill level 15 in Fighting
  1340 | D        | Killed an unseen horror
  1514 | D        | Noticed a queen bee
  1516 | D        | Received a gift from Trog
  1517 | D        | Reached ****** piety under Trog
  1518 | D        | Reached skill level 1 in Evocations
  1518 | D        | Received a gift from Trog
  1519 | D        | Reached skill level 10 in Armour
  1519 | D        | Killed a queen bee
  1519 | D        | Received a gift from Trog
  1520 | D        | Reached skill level 5 in Stealth
  1520 | D        | Reached XP level 10. HP: 108/108 MP: 9/9
  1531 | D        | Received a gift from Trog
  1731 | D        | Noticed a cane toad
  1731 | D        | Noticed a cane toad
  1735 | D        | Killed a cane toad
  1742 | D        | Killed a cane toad
  1744 | D        | Received a gift from Trog
  2188 | D        | Noticed a lindwurm
  2194 | D        | Killed a lindwurm
  2558 | D        | Noticed Urug
  2560 | D        | Killed Urug
  2560 | D        | Identified the +7 battleaxe of Agony {vorpal, rElec rF++
                  | Str+2 Int-5} (Trog gifted it to you in the Dungeon)
  2560 | D        | Received a gift from Trog
  2561 | D        | Reached XP level 11. HP: 117/121 MP: 10/10
  2585 | D        | Noticed a five-headed hydra
  2585 | D        | Noticed an eight-headed hydra
  2591 | D        | Killed a four-headed hydra
  2594 | D        | Killed a six-headed hydra
  2657 | D        | Noticed a death drake
  2666 | D        | Killed a death drake
  2667 | D        | HP: 5/184 [poison (dark miasma)]
  2668 | D        | Succumbed to poison (dark miasma)

Illustrated notes

Levels and vault maps discovered:
D:        dungeon_sprint_mu [sprint_mu_entry_forest, sprint_mu_temple_rooms,
          sprint_mu_d1_horrors, sprint_mu_d2_genie, sprint_mu_d3_branching,
          sprint_mu_orc_legion, sprint_mu_elf_gauntlet, sprint_mu_hive_nellie,
          sprint_mu_lair_fedhas, sprint_mu_vaults_butterflies,
          sprint_mu_slime_circle, sprint_mu_shoals_archi,
          sprint_mu_snake_twists, sprint_mu_blade_basic,
          sprint_mu_crypt_fortress, sprint_mu_tomb_spiral,
          sprint_mu_vestibule_basic, sprint_mu_gehenna_hellfire,
          sprint_mu_dis_giant, sprint_mu_tartarus_statrot,
          sprint_mu_cocytus_islands, sprint_mu_zot1]

Skill      XL: |  1  2  3  4  5  6  7  8  9 10 11 |
---------------+----------------------------------+-----
Fighting       | 5 7 8 11 12 14 16 18 19 | 19.2
Axes           | 5 7 8 11 13 15 16 18 19 | 19.2
Armour         | 3 4 6 8 10 13 14 | 14.0
Dodging        | 3 4 6 7 8 9 |  9.9
Stealth        | 1 2 3 4 5 |  5.2
Evocations     | 1 4 |  4.5
Throwing       | |  0.3

Action                   |  1- 3 |  4- 6 |  7- 9 | 10-12 || total
-------------------------+-------+-------+-------+-------++-------
Melee: Hand axe          |    15 |    15 |    77 |    13 ||   120
       Headbutt          |     2 |     2 |    17 |    15 ||    36
       Kick              |     1 |     3 |       |       ||     4
       Punch             |       |     1 |       |       ||     1
       Bite              |       |       |     8 |    13 ||    21
       Battleaxe         |       |       |       |    74 ||    74
Throw: Javelin           |       |       |       |     1 ||     1
Invok: Berserk           |     2 |     2 |     3 |     3 ||    10
Evoke: Wand              |       |       |     2 |       ||     2
       Lightning rod     |       |       |     5 |     3 ||     8
  Use: Potion            |     2 |       |     2 |       ||     4
 Stab: Sleeping          |     1 |     1 |       |       ||     2
Armor: Animal skin       |       |     5 |     2 |       ||     7
       Chain mail        |       |       |    49 |    34 ||    83
Dodge: Dodged            |     5 |     2 |    30 |    30 ||    67

Table legend: (Time is in decaauts)
 A = Elapsed time spent in this place.
 B = Non-inter-level travel time spent in this place.
 C = Inter-level travel time spent in this place.
 D = Time resting spent in this place.
 E = Time spent auto-exploring this place.
 F = Levels seen in this place.
 G = Mean time per level.
                   A        B        C        D        E       F      G
               +--------+--------+--------+--------+--------+-----+--------+
         Total |   2712 |   2712 |      0 |   1974 |    227 |   1 | 2712.0 |
       Dungeon |   2712 |   2712 |      0 |   1974 |    227 |   1 | 2712.0 |
               +--------+--------+--------+--------+--------+-----+--------+

Top non-repeatable levels by time:
       D: 2712 daAuts
